 Dungeon Crawl Stone Soup version 0.32-a0-899-geb5ba95c15 (webtiles) character file.

Game seed: 3693889296636071993

1434 Kenran the Grappler (level 8, -5/61 HPs)
             Began as a Demigod Shapeshifter on Apr 5, 2024.
             Slain by a gnoll sergeant
             ... wielding a +2 spear of freezing
              (8 damage)
             ... on level 7 of the Dungeon.
             The game lasted 00:11:15 (5523 turns).

Kenran the Grappler (Demigod Shapeshifter)          Turns: 5523, Time: 00:11:16

Health: -5/61      AC:  6    Str: 27 (29) XL:     8   Next: 21%
Magic:  10/10      EV: 13    Int: 11      God:
Gold:   387        SH:  5    Dex: 15 (16) Spells: 7/7 levels left

rFire   + .          .
                       - Unarmed
rCold   . . .        (no shield)
rNeg    . . .        a - +0 steam dragon scales
rPois   .            (helmet currently unavailable)
rElec   .            (cloak currently unavailable)
rCorr   .            (gloves currently unavailable)
SInv    .            (boots currently unavailable)
Will    .....        l - amulet of reflection
Stlth   +            u - +6 ring of strength
HPRegen 0.30/turn    o - ring of protection from fire
MPRegen 0.12/turn

%: reflection
@: beast-form, invisible
A: beast (slay +2), high MP 1, forlorn, divine attributes, shaggy fur 1, strong
1, inability to read after injury 1, MP-powered wands
a: Begin Untransformation


You were on level 7 of the Dungeon.
You were a hulking beast.
You visited 1 branch of the dungeon, and saw 7 of its levels.

You collected 387 gold pieces.

Inventory:

Missiles
 k - 6 poisoned darts (quivered)
Armour
 a - +0 steam dragon scales (worn)
 e - a +0 cloak
 v - a +0 helmet
Jewellery
 b - a ring of flight
 f - a ring of positive energy
 l - an amulet of reflection (around neck)
 o - a ring of protection from fire (right hand)
 u - a +6 ring of strength (left hand)
 x - a +6 ring of dexterity
Talismans
 c - a beast talisman (active)
 d - a flux talisman
Wands
 n - a wand of polymorph (31)
 p - a wand of iceblast (9)
Scrolls
 g - a scroll of teleportation {unknown}
 h - a scroll of revelation {unknown}
 j - a scroll of fog
 q - a scroll of fear
 r - 2 scrolls of poison {unknown}
 t - a scroll of blinking {unknown}
 y - a scroll of immolation {unknown}
 z - a scroll of enchant weapon {unknown}
 A - a scroll of summoning
Potions
 w - a potion of heal wounds {unknown}
 B - a potion of magic {unknown}


   Skills:
 - Level 2.0 Fighting
 - Level 5.0 Dodging
 + Level 8.0 Unarmed Combat
 - Level 4.0 Shapeshifting


You had 7 spell levels left.
You didn't know any spells.
Your spell library contained the following spells:

 Spells                   Type           Power      Damage    Failure   Level
 Freeze                   Ice            0%         1d3       34%         1
 Magic Dart               Conj           0%         1d3       34%         1
 Necrotise                Necr           0%         1d4       34%         1
 Blink                    Tloc           0%         N/A       47%         2
 Call Imp                 Summ           0%         N/A       47%         2
 Scorch                   Fire           0%         2d5       47%         2
 Frozen Ramparts          Ice            0%         1d1       71%         3
 Hailstorm                Conj/Ice       0%         3d5       71%         3
 Vampiric Draining        Necr           0%         2d6       71%         3
 Flame Wave               Conj/Fire      0%         2d4       98%         4
 Martyr's Knell           Necr/Summ      0%         N/A       98%         4
 Olgreb's Toxic Radiance  Alch           0%         N/A       98%         4
 Curse of Agony           Necr           0%         N/A       100%        5
 Summon Cactus Giant      Summ           0%         N/A       100%        6
 Ozocubu's Refrigeration  Ice            0%         4d7       100%        7
 Discord                  Hex            0%         N/A       100%        8


Dungeon Overview and Level Annotations

Branches:
Dungeon (7/15)             Temple (0/1) D:4

Shops:
D:2 =


Innate Abilities, Weirdness & Mutations

You are a hulking beast.
Your limbs bulge with bestial killing power. (Slay +2)
You have an increased reservoir of magic. (+10% MP)
You shall have no god before yourself.
Your divine heritage dramatically boosts your attributes as you level up.
You are covered in fur. (AC +1)
Your muscles are strong. (Str +4, Int/Dex -1)
You occasionally lose the ability to read scrolls when taking damage.
You expend magic power (3 MP) to strengthen your wands.


Message History

The gnoll sergeant shouts!
The gnoll sergeant hits you with a +2 spear of freezing!
The gnoll sergeant freezes you.
You barely miss the gnoll sergeant.
The gnoll sergeant hits you with a +2 spear of freezing.
The gnoll sergeant freezes you.
You closely miss the gnoll sergeant. You block the gnoll sergeant's attack.
You hit the gnoll sergeant.
The gnoll sergeant is lightly wounded.
The gnoll sergeant hits you with a +2 spear of freezing!
The gnoll sergeant freezes you.
You hit the gnoll sergeant.
The gnoll sergeant is moderately wounded.
You hit the gnoll sergeant.
The gnoll sergeant is moderately wounded.
The gnoll sergeant hits you with a +2 spear of freezing.
The gnoll sergeant freezes you.
You hit the gnoll sergeant but do no damage.
The gnoll sergeant is moderately wounded.
The gnoll sergeant barely misses you.
You completely miss the gnoll sergeant.
The gnoll sergeant is moderately wounded.
The gnoll sergeant hits you with a +2 spear of freezing!
* * * LOW HITPOINT WARNING * * *
The gnoll sergeant freezes you.
* * * LOW HITPOINT WARNING * * *
You hit the gnoll sergeant.
The gnoll sergeant is heavily wounded.
The gnoll sergeant hits you with a +2 spear of freezing!
* * * LOW HITPOINT WARNING * * *
The gnoll sergeant freezes you.
* * * LOW HITPOINT WARNING * * *
Press: ? - help, v - describe, . - travel
Here: a gnoll sergeant, wielding a +2 spear of freezing and wearing a +0 ring mail (heavily wounded)
The floor.
Unknown command.
It was a potion of invisibility.
You fade into invisibility!
The gnoll sergeant hits you with a +2 spear of freezing!
You die...

#.#.###)...#####...##........##
......).....#...........#.####
.......#####†.......#...###
.....).######.###...#....#
...........##.# ##.......#
.........>....# #........##
.........#....####..#.#...###
..........<...#.#...###.....###
.....###........hg............#
.....##.....................###
.....##......................#
#.#.................####.....##
...[.............#.......<#
#..###...............###..##
#.# .>............... ####
................. ..


You could see a gnoll sergeant (unable to see you).

Vanquished Creatures
  Grinder (D:6)
  Edmund (D:6)
  Duvessa (D:6)
  A water moccasin (D:6)
  A phantom (D:5)
  A bullfrog (D:6)
  A scorpion (D:5)
  Dowan (D:6)
  2 bombardier beetles
  A jelly (D:6)
  An orc priest (D:6)
  3 hounds
  3 iguanas
  2 orc wizards (D:6)
  A sleepcap (D:5)
  Robin (D:3)
  7 gnolls
  10 adders
  2 shadow imps (D:7)
  A white imp (D:7)
  4 dart slugs
  A ribbon worm (D:3)
  12 orcs
  4 endoplasms
  7 giant cockroaches
  8 hobgoblins
  4 quokkas
  6 ball pythons (D:1)
  3 bats
  3 frilled lizards
  13 goblins
  7 kobolds
  4 rats
118 creatures vanquished.

Notes
Turn   | Place    | Note
-------+----------+-------------------------------------------
     0 | D:1      | Kenran the Demigod Shapeshifter began the quest for the
                  | Orb.
     0 | D:1      | Reached XP level 1. HP: 15/15 MP: 3/3
    28 | D:1      | Reached skill level 1 in Fighting
   110 | D:1      | Reached skill level 3 in Unarmed Combat
   322 | D:1      | Reached XP level 2. HP: 23/23 MP: 4/4
   830 | D:2      | Reached XP level 3. HP: 28/28 MP: 5/5
   862 | D:2      | Reached skill level 4 in Unarmed Combat
  1137 | D:2      | Found Xuxinkyerr's Jewellery Boutique.
  1396 | D:2      | Reached XP level 4. HP: 21/35 MP: 6/6
  1493 | D:3      | Reached skill level 5 in Unarmed Combat
  1929 | D:3      | Reached XP level 5. HP: 40/40 MP: 7/7
  2026 | D:3      | Noticed Robin
  2030 | D:3      | Killed Robin
  2617 | D:4      | Reached skill level 6 in Unarmed Combat
  2706 | D:4      | Found a staircase to the Ecumenical Temple.
  2955 | D:5      | Entered Level 5 of the Dungeon
  3219 | D:5      | Reached XP level 6. HP: 34/47 MP: 8/8
  3371 | D:5      | Reached skill level 7 in Unarmed Combat
  3983 | D:6      | Noticed Edmund
  3983 | D:6      | Noticed a water moccasin
  4072 | D:6      | Killed Edmund
  4073 | D:6      | Reached XP level 7. HP: 50/53 MP: 9/9
  4246 | D:6      | Noticed Duvessa
  4248 | D:6      | Noticed Dowan
  4486 | D:6      | Noticed Grinder
  4486 | D:6      | Paralysed by Grinder for 5 turns
  4507 | D:6      | Killed Grinder
  4676 | D:6      | Reached skill level 5 in Dodging
  4885 | D:6      | Killed Duvessa
  4886 | D:6      | Reached XP level 8. HP: 39/61 MP: 10/10
  4891 | D:6      | Killed Dowan
  5329 | D:7      | Gained mutation: You occasionally lose the ability to read
                  | scrolls when taking damage. [potion of mutation]
  5329 | D:7      | Gained mutation: Your spells are a little harder to cast,
                  | but a little more powerful. [potion of mutation]
  5329 | D:7      | Gained mutation: You expend magic power (3 MP) to
                  | strengthen your wands. [potion of mutation]
  5329 | D:7      | Gained mutation: You are partially covered in iridescent
                  | scales. (AC +2) [potion of mutation]
  5332 | D:7      | Reached skill level 8 in Unarmed Combat
  5506 | D:6      | Lost mutation: You are partially covered in iridescent
                  | scales. (AC +2) [potion of mutation]
  5506 | D:6      | Lost mutation: Your spells are a little harder to cast, but
                  | a little more powerful. [potion of mutation]
  5506 | D:6      | Gained mutation: You are covered in fur. (AC +1) [potion of
                  | mutation]
  5506 | D:6      | Gained mutation: Your muscles are strong. (Str +4, Int/Dex
                  | -1) [potion of mutation]
  5522 | D:7      | HP: 3/61 [gnoll sergeant/+2 spear of freezing (4)]
  5523 | D:7      | Slain by a gnoll sergeant

Illustrated notes

Levels and vault maps discovered:
D:1:      dpeg_arrival_tiny_i, layout_rooms, dreamdust_ecumenical_altar_grove
D:2:      layout_basic, serial_shops, shop
D:3:      layout_basic, kennysheep_generic_room_5, uniq_robin
D:4:      layout_loops_ring, mainiacjoe_overflow_paths,
          minmay_temple_entry_junction, grunt_decor_fettered
D:5:      layout_rooms, nicolae_dithmenos_the_darkroom,
          nicolae_tso_carved_into_rock, lemuel_tele_altar,
          gammafunk_temple_overflow_elements, chequers_serial_rivers_micro_d
D:6:      layout_cave_pools, uniq_edmund, uniq_duvessa, uniq_grinder
D:7:      layout_cave_pools

Skill      XL: |  1  2  3  4  5  6  7  8 |
---------------+-------------------------+-----
Fighting       | 1 2 |  2.0
Unarmed Combat | 3 4 5 6 7 8 |  8.0
Dodging        | 2 5 |  5.0
Shapeshifting  | 3 4 |  4.0

Action                     |  1- 3 |  4- 6 |  7- 9 || total
---------------------------+-------+-------+-------++-------
  Melee: Unarmed           |   121 |   198 |   112 ||   431
         Punch             |     3 |     6 |     8 ||    17
    Use: Potion            |       |     2 |     7 ||     9
         Scroll            |       |     4 |     1 ||     5
   Stab: Sleeping          |       |     1 |       ||     1
 Armour: Animal skin       |    26 |       |       ||    26
         Steam dragon scal |    27 |    81 |    55 ||   163
         Leather armour    |     5 |       |       ||     5
         Skin              |       |    16 |    11 ||    27
  Dodge: Dodged            |    55 |    83 |    38 ||   176
  Block: Other             |       |     6 |    24 ||    30

Table legend: (Time is in decaauts)
 A = Elapsed time spent in this place.
 B = Non-inter-level travel time spent in this place.
 C = Inter-level travel time spent in this place.
 D = Time resting spent in this place.
 E = Time spent auto-exploring this place.
 F = Levels seen in this place.
 G = Mean time per level.
                   A        B        C        D        E       F      G
               +--------+--------+--------+--------+--------+-----+--------+
         Total |   5477 |   5273 |    204 |   1503 |   2514 |   7 |  782.4 |
       Dungeon |   5477 |   5273 |    204 |   1503 |   2514 |   7 |  782.4 |
               +--------+--------+--------+--------+--------+-----+--------+

Top non-repeatable levels by time:
     D:5: 1259 daAuts
     D:6: 1099 daAuts
     D:3: 892 daAuts
     D:2: 731 daAuts
     D:1: 703 daAuts
     D:4: 603 daAuts
     D:7: 187 daAuts
